 Dungeon Crawl Stone Soup version 0.26.0-9-gab577f9fc5 (webtiles) character file.

Game seed: 16949339736470570847

410 KamiKatze the Covered (level 6, -3/37 HPs)
             Began as a Gargoyle Artificer on Jan 13, 2021.
             Was a Follower of Okawaru.
             Slain by an ogre
             ... wielding a +0 giant club
              (15 damage)
             ... on level 4 of the Dungeon.
             The game lasted 00:12:44 (4069 turns).

KamiKatze the Covered (Gargoyle Artificer)          Turns: 4069, Time: 00:12:44

Health: -3/37      AC: 12    Str: 17    XL:     6   Next: 89%
Magic:  6/6        EV: 10    Int: 12    God:    Okawaru [*.....]
Gold:   145        SH:  0    Dex: 10    Spells: 5/5 levels left

rFire    . . .     SeeInvis .   u - +1 dagger (venom)
rCold    . . .     Faith    .   (no shield)
rNeg     + . .     Spirit   .   B - +0 scale mail
rPois    ∞         Reflect  .   (no helmet)
rElec    +         Harm     .   (no cloak)
rCorr    .         Rampage  .   i - +0 pair of gloves
Will     .....                  (no boots)
Stlth    ..........             y - amulet of inaccuracy (curse)
HPRegen  0.12/turn              (no ring)
MPRegen  0.10/turn              (no ring)

@: no status effects
A: negative energy resistance 1, electricity resistance, unbreathing,
petrification resistance, miasma immunity, AC +4
a: Renounce Religion, Heroism


You were on level 4 of the Dungeon.
You worshipped Okawaru.
Okawaru was aware of your devotion.
You visited 1 branch of the dungeon, and saw 4 of its levels.

You collected 145 gold pieces.

Inventory:

Hand Weapons
 a - a +0 club
 k - a +0 dagger
 l - a +0 whip
 u - a +1 dagger of venom (weapon)
Armour
 i - a +0 pair of gloves (worn)
 z - a +0 plate armour
 B - a +0 scale mail (worn)
Jewellery
 p - an uncursed amulet of guardian spirit
 y - a cursed amulet of inaccuracy (around neck)
Wands
 c - a wand of flame (8) (quivered)
 d - a wand of enslavement (14)
 e - a wand of random effects (7)
 t - a wand of digging (1)
Scrolls
 b - 4 scrolls of remove curse {unknown}
 f - 5 scrolls of identify {unknown}
 g - 3 scrolls of amnesia {unknown}
 h - a scroll of fog {unknown}
 o - a scroll of random uselessness {unknown}
 q - 4 scrolls of teleportation {unknown}
 s - 2 scrolls of enchant weapon {unknown}
 v - 2 scrolls of blinking {unknown}
 x - a scroll of enchant armour {unknown}
Potions
 m - 2 potions of resistance {unknown}
 n - 2 potions of brilliance {unknown}
 r - a potion of ambrosia {unknown}
 w - 2 potions of invisibility {unknown}
 A - a potion of heal wounds {unknown}


   Skills:
 + Level 3.2 Fighting
 - Level 2.0 Short Blades
 - Level 3.3 Maces & Flails
 + Level 3.9 Armour
 + Level 2.4 Dodging
 - Level 1.1 Stealth
 + Level 0.3 Invocations
 - Level 2.6 Evocations


You had 5 spell levels left.
You didn't know any spells.
Your spell library was empty.

Dungeon Overview and Level Annotations

Branches:
Dungeon (4/15)
 Temple: D:4-7

Altars:
Cheibriados
Gozag
Hepliaklqana
Makhleb
Nemelex Xobeh
Okawaru
Qazlal
Trog
Yredelemnul
Zin

Annotations:
D:4 1 runed translucent door, rabbi's ghost, amateur OpBe


Innate Abilities, Weirdness & Mutations

You are resistant to torment.
Your stone body is resilient. (AC +4)
You are immune to poison.
You resist negative energy. (rN+)
You are resistant to electric shocks. (rElec)
You can survive without breathing.
You are immune to petrification.
You are immune to miasma.


Message History

You hit the leopard gecko skeleton.
The leopard gecko skeleton is heavily damaged.
The leopard gecko skeleton closely misses you.
You hit the leopard gecko skeleton.
You destroy the leopard gecko skeleton!
Okawaru accepts your kill.
You completely miss the ogre. The ogre hits you with a +0 giant club!
You hit the ogre.
The ogre is poisoned.
The ogre is lightly wounded.
You hit the ogre.
The ogre is moderately wounded.
The ogre hits you with a +0 giant club!
* * * LOW HITPOINT WARNING * * *
You see here a hound skeleton.
The ogre looks more healthy.
You see here a hound skeleton.
You hit the ogre but do no damage.
The ogre is poisoned.
The ogre is severely wounded.
The ogre hits you with a +0 giant club!
You die...

.###......#
..........÷##
#########...###
###...## ###..#
##### ##.# ##...##
.. #.# #.....# #.#
##O# #.##+## #..#
###.@# ##.#SSl#
#..##....###..#FW≈#
#..........<##r≈≈#
###.........##≈≈≈#
# #...########≈$≈#
#. #..## #≈≈≈# #.#
#..# #..#####..#
#.......##


You could see an ogre (very poisoned).

Vanquished Creatures
  An ogre (D:4)
  2 hounds (D:4)
  An orc wizard (D:3)
  Natasha (thrice) (D:2)
  2 worker ants (D:4)
  5 adders
  2 worms
  3 dart slugs
  4 leopard geckos
  3 orcs
  3 giant cockroaches
  8 goblins
  3 hobgoblins (D:1)
  3 jackals (D:3)
  A ball python (D:1)
  11 bats
  5 frilled lizards
  3 kobolds
  A leopard gecko skeleton (D:4)
  6 rats
70 creatures vanquished.

Notes
Turn   | Place    | Note
-------+----------+-------------------------------------------
     0 | D:1      | KamiKatze the Gargoyle Artificer began the quest for the
                  | Orb.
     0 | D:1      | Reached XP level 1. HP: 12/12 MP: 1/1
    90 | D:1      | Reached skill level 1 in Dodging
   164 | D:1      | Reached XP level 2. HP: 13/16 MP: 2/2
   915 | D:1      | Reached XP level 3. HP: 18/21 MP: 3/3
  1173 | D:2      | Noticed Natasha
  1415 | D:2      | Found a stormy altar of Qazlal.
  1480 | D:2      | Found an iron altar of Okawaru.
  1489 | D:2      | Became a worshipper of Warmaster Okawaru
  1719 | D:3      | Found a burning altar of Makhleb.
  1752 | D:2      | Killed Natasha
  1753 | D:2      | Reached skill level 1 in Maces & Flails
  1753 | D:2      | Reached XP level 4. HP: 8/26 MP: 0/4
  2038 | D:2      | Found a hazy altar of Hepliaklqana.
  2287 | D:2      | Found a glowing silver altar of Zin.
  2444 | D:2      | Noticed Natasha
  2450 | D:2      | Killed Natasha
  2615 | D:2      | Found an opulent altar of Gozag.
  2627 | D:2      | Noticed Natasha
  2644 | D:2      | Killed Natasha
  2645 | D:2      | Reached XP level 5. HP: 14/30 MP: 2/5
  2824 | D:3      | Found a sparkling altar of Nemelex Xobeh.
  2996 | D:3      | Found a bloodstained altar of Trog.
  3246 | D:3      | Found a basalt altar of Yredelemnul.
  3256 | D:3      | Reached skill level 1 in Short Blades
  3468 | D:3      | Found a snail-covered altar of Cheibriados.
  3745 | D:4      | Found a runed translucent door.
  3745 | D:4      | Noticed rabbi's ghost (amateur OpBe)
  3772 | D:4      | Reached XP level 6. HP: 29/36 MP: 6/6
  3832 | D:4      | Reached * piety under Okawaru
  4069 | D:4      | Slain by an ogre

Illustrated notes

Levels and vault maps discovered:
D:1:      saegor_arrival_simple_b, layout_basic, minmay_misc_feat_pillars,
          nrook_uturn
D:2:      layout_loops_corners, pdpol_temple_overflow_zin_treasury_gozag_greed,
          okawaru_metal_pillars_1_2, overflow_temple_1_default,
          lemuel_doored_altar, uniq_natasha
D:3:      layout_basic, overflow_temple_1_default, lemuel_crystal_altar,
          nicolae_overflow_crystal_walls, lemuel_round_altar,
          kennysheep_slug_shrine
D:4:      layout_layer_cave, serial_shops, kennysheep_mini_moat,
          ebering_ghost_sewer_f, grunt_ministairs_7, uniq_edmund

Skill      XL: |  1  2  3  4  5  6 |
---------------+-------------------+-----
Dodging        | 1 2 |  2.4
Fighting       | 2 3 |  3.2
Maces & Flails | 1 3 |  3.3
Short Blades   | 2 |  2.0
Armour         | 3 |  3.9
Stealth        | |  1.1
Invocations    | |  0.3
Evocations     | |  2.6

Action                   |  1- 3 |  4- 6 || total
-------------------------+-------+-------++-------
Melee: Club              |   114 |       ||   114
       Whip              |    45 |    66 ||   111
       Dagger            |    12 |   120 ||   132
Evoke: Wand              |    13 |     3 ||    16
Armor: Leather armour    |    40 |       ||    40
       Ring mail         |    72 |    63 ||   135
       Scale mail        |       |    16 ||    16
Dodge: Dodged            |   128 |   105 ||   233
